 Dungeon Crawl Stone Soup version 0.14-a0-2124-ga163777 (webtiles) character file.

183 Mitsuki the Covert (level 3, 0/27 HPs)
             Began as a Vampire Assassin on Jan 27, 2014.
             Killed by divine providence
             ... invoked by an orc priest
              (11 damage)
             ... on Level 3 of the Dungeon.
             The game lasted 00:05:31 (1575 turns).

Mitsuki the Covert (Vampire Assassin)               Turns: 1575, Time: 00:05:31

HP   0/27        AC 10     Str 10      XL: 3   Next: 92%
MP   3/3         EV 12     Int 13      God:
Gold 118         SH  0     Dex 16      Spells:  0 memorised,  2 levels left

rFire  . . .     SeeInvis +     p - +1,+0 dagger (protect)
rCold  + . .     Clarity  .     a - +2 robe
rNeg   + + .     Conserve .     (no shield)
rPois  +         rCorr    .     (no helmet)
rElec  .         rRot     +     d - +0 cloak
SustAb + .       Spirit   .     (no gloves)
rMut   .         Warding  .     (no boots)
Saprov . . .     Stasis   .     (no amulet)
MR     .....                    (no ring)
                                j - ring of sustain abilities

@: regenerating slowly, not resistant to hostile enchantments, very stealthy
A: fangs 3, see invisible, unbreathing
a: Bat Form


You were on level 3 of the Dungeon.
You were thirsty.

You visited 1 branch of the dungeon, and saw 3 of its levels.

You collected 118 gold pieces.

Inventory:

Hand weapons
 b - a +0 blowgun
 k - a +1,+1 dwarven dagger of venom
 p - a +1,+0 dagger of protection (weapon)
Missiles
 e - 42 poisoned needles
 f - 2 curare-tipped needles
Armour
 a - a +2 robe (worn)
 d - a +0 cloak (worn)
Scrolls
 c - a scroll of teleportation {unknown}
 i - a scroll of magic mapping {unknown}
 q - a scroll of curse jewellery {unknown}
 r - a scroll of amnesia
Jewellery
 j - a ring of sustain abilities (left hand)
 n - a cursed -3 ring of dexterity {unknown}
Potions
 g - a potion of blood
 h - a potion of brilliance {unknown}
 l - a potion of paralysis {unknown}
 m - a potion of lignification {unknown}
 o - a potion of curing {unknown}
 t - a potion of magic {unknown}
Books
 s - a book of the Sky

   Spells                             Type                      Level
   Flight                             Charms/Air                   3
   Airstrike                          Air                          4
   Silence                            Hexes/Air                    5
   Deflect Missiles                   Charms/Air                   6
   Conjure Ball Lightning             Conjuration/Air              6
   Tornado                            Air                          9


   Skills:
 - Level 1.7 Fighting
 - Level 2.1 Short Blades
 - Level 1.5 Throwing
 - Level 1.1 Dodging
 + Level 8.4 Stealth


You had 2 spell levels left.
You didn't know any spells.

Dungeon Overview and Level Annotations

Branches:
Dungeon (3/16)

Altars:
Fedhas


Innate Abilities, Weirdness & Mutations

You heal slowly.
You have razor-sharp teeth.*
You have supernaturally acute eyesight.
You can survive without breathing.*


Message History

The orc is moderately wounded.
The orc barely misses you.
You hit the orc.
The orc is severely wounded.
The orc closely misses you.
You hit the orc but do no damage.
The orc is severely wounded.
The orc priest hits you but does no damage.
You hit the orc priest.
The orc priest is lightly wounded.
The orc barely misses you.
The orc priest calls down the wrath of Beogh upon you.
Something smites you! The orc hits you but does no damage.
You hit the orc priest.
The orc priest is moderately wounded.
The orc hits you with an orcish mace.
The orc priest hits you but does no damage.
The orc priest calls down the wrath of Beogh upon you.
Something smites you!
You die...

. >.. #.# ... ###
#.##### #.# #.> ..)....
#.# ###. #.# #.. ...
#.##.... . #..
..####!###.#..### #.#
#.###.........!......#
#.#
#.##...###..@.o..##..#
#.#
#.#..>..##..##o...#..#.
#.#
#...........#o..........
#.#
#.#...).##..##.)........
#.#
#.##...###..........####
#.###.###.##
####.......# ......# #.#
##....### ..##### #)#
#....# ..#
#.########..###


You could see an orc priest and an orc.

Vanquished Creatures
  Jessica (D:2)
  A worm (D:2)
  2 giant geckos
  2 orcs (D:3)
  A ball python (D:3)
  3 bats
  4 giant cockroaches
  6 goblins (D:1)
  5 hobgoblins
  3 jackals (D:3)
  3 kobolds
  3 giant newts
  2 rats (D:1)
36 creatures vanquished.

Notes
Turn   | Place    | Note
--------------------------------------------------------------
     0 | D:1      | Mitsuki, the Vampire Assassin, began the quest for the Orb.
     0 | D:1      | Reached XP level 1. HP: 16/16 MP: 1/1
    28 | D:1      | Reached skill level 6 in Stealth
   219 | D:1      | Reached XP level 2. HP: 22/22 MP: 2/2
   440 | D:1      | Reached skill level 7 in Stealth
  1134 | D:2      | Reached XP level 3. HP: 27/27 MP: 3/3
  1244 | D:2      | Noticed Jessica
  1247 | D:2      | Killed Jessica
  1247 | D:2      | Reached skill level 8 in Stealth
  1499 | D:3      | Found a blossoming altar of Fedhas.
  1575 | D:3      | Killed from afar by an orc priest

Action                   || total
-------------------------++-------
Melee: Dagger            ||   111
  Use: Scroll            ||     2
 Stab: Sleeping          ||    11
